 Seeded DCSS version 0.27.1-3-gb3d3a73c9e (webtiles) character file.

Game seed: 20211021 (custom seed)

25 jessy the Cudgeller (level 3, -2/23 HPs)
             Began as a Tengu Berserker on Oct 21, 2021.
             Was a Follower of Trog.
             Slain by Sigmund (4 damage)
             ... on level 2 of the Dungeon.
             The game lasted 00:03:14 (623 turns).

jessy the Cudgeller (Tengu Berserker)                Turns: 623, Time: 00:03:14

Health: -2/23      AC:  6    Str: 18    XL:     3   Next: 4%
Magic:  4/4        EV: 11    Int:  7    God:    Trog [*.....]
Gold:   6          SH:  5    Dex: 13    Spells: 2/2 levels left

rFire    . . .     SeeInvis .   a - +0 mace
rCold    . . .     Faith    .   (no shield)
rNeg     . . .     Spirit   .   l - +0 ring mail
rPois    .         Reflect  +   (helmet restricted)
rElec    .         Harm     .   e - +0 cloak
rCorr    .         Rampage  .   (no gloves)
Will     .....                  (boots unavailable)
Stlth    +.........             c - amulet of reflection
HPRegen  0.07/turn              (no ring)
MPRegen  0.09/turn              (no ring)

@: no status effects
A: beak, talons 3
a: Renounce Religion, Berserk


You were on level 2 of the Dungeon.
You worshipped Trog.
Trog was aware of your devotion.
You visited 1 branch of the dungeon, and saw 2 of its levels.

You collected 6 gold pieces.

Inventory:

Hand Weapons
 a - a +0 mace (weapon)
 m - a +0 spear
Missiles
 j - 15 poisoned darts (quivered)
 k - 36 bolts
Armour
 b - a +0 animal skin
 e - a +0 cloak (worn)
 h - a +0 leather armour
 l - a +0 ring mail (worn)
 n - a +0 robe
 o - a +1 pair of boots
Jewellery
 c - an amulet of reflection (around neck)
Scrolls
 d - a scroll of amnesia {unknown}
 f - 2 scrolls of teleportation {unknown}
 i - a scroll of identify {unknown}
Potions
 g - 2 potions of attraction {unknown}


   Skills:
 + Level 3.4 Fighting
 + Level 3.5 Maces & Flails
 + Level 2.9 Armour
 + Level 2.2 Dodging


You had 2 spell levels left.
You didn't know any spells.
Your spell library was empty.

Dungeon Overview and Level Annotations

Branches:
Dungeon (2/15)

Altars:

Shops:
D:1 ?

Annotations:
D:2 Sigmund


Innate Abilities, Weirdness & Mutations

You have a beak for a mouth.
You have claws for feet.


Message History

You see here a +0 spear.
m - a +0 spear A giant cockroach comes into view.
You barely miss the giant cockroach. You claw the giant cockroach.
The giant cockroach is severely wounded.
The giant cockroach barely misses you.
You hit the giant cockroach.
You kill the giant cockroach!
Trog accepts your kill.
You see here a giant cockroach corpse.
Found a robe.
Found a stone staircase leading down.
You see here a +0 robe.
n - a +0 robe
There is a stone staircase leading down here.
Found a stone staircase leading up.
Found a pair of runed boots.
There is a stone staircase leading up here.
There is a stone staircase leading up here.
You see here a +1 pair of boots.
o - a +1 pair of boots
Found a stone staircase leading up.
Sigmund the Dreaded comes into view.
He is wielding a +0 scythe.
Sigmund shouts!
Sigmund gestures wildly while chanting.
Sigmund flickers and vanishes!
Deactivating autopickup; reactivate with Ctrl-A.
A bat comes into view.
A worm and a goblin come into view.
Found 16 stones.
The goblin shouts!
Found a faded altar of an unknown god.
Something hits you. Something hits you! The worm bites you!
* * * LOW HITPOINT WARNING * * *
You sock the worm! You peck the worm, but do no damage.
The worm is moderately wounded.
You thump the worm!
The worm is severely wounded.
Something hits you.
You die...

#.. ..
..### ...
..< ## #.#
(. # #.##.#
#.#@wg.#
#.#b#._#
#...# ....
###.#####..
#........
#.######.
#.# #.# #.#


You could see a worm, a goblin and a bat.

Vanquished Creatures
  An adder (D:2)
  2 ball pythons
  A bat (D:1)
  2 giant cockroaches
  3 hobgoblins
  3 frilled lizards
  2 kobolds (D:1)
14 creatures vanquished.

Notes
Turn   | Place    | Note
-------+----------+-------------------------------------------
     0 | D:1      | jessy the Tengu Berserker began the quest for the Orb.
     0 | D:1      | Reached XP level 1. HP: 14/14 MP: 2/2
    78 | D:1      | Found Gecead's Magic Scroll Emporium.
   198 | D:1      | Reached XP level 2. HP: 19/19 MP: 3/3
   433 | D:1      | You fall into a shaft and drop 1 floor!
   482 | D:2      | Reached XP level 3. HP: 21/23 MP: 4/4
   616 | D:2      | Noticed Sigmund
   619 | D:2      | Found a faded altar of an unknown god.
   621 | D:2      | HP: 1/23 [worm (8)]
   623 | D:2      | Slain by Sigmund

Illustrated notes

Levels and vault maps discovered:
D:1:      denvon_arrival_waterhouse, layout_rooms, serial_shops, shop_statue,
          minmay_misc_feat_roman
D:2:      layout_loops_ring, hellmonk_ecumenical_altar_lost_god,
          serial_bayou_lagoon_a, uniq_sigmund

Action                   || total
-------------------------++-------
Melee: Mace              ||    32
       Kick              ||     7
       Peck              ||     6
Armor: Leather armour    ||     4
       Ring mail         ||     6
Dodge: Dodged            ||    20
Block: Other             ||     4
       Reflection        ||     1
